 Dungeon Crawl Stone Soup version 0.27-a0-732-ga892ba84f6 (webtiles) character file.

Game seed: 5722871326253033267

1213 robertstho the Slasher (level 8, 0/59 HPs)
             Began as a Djinni Berserker on Mar 23, 2021.
             Was a Believer of Trog.
             Slain by a bullfrog (2 damage)
             ... on level 5 of the Dungeon.
             The game lasted 00:05:13 (5269 turns).

robertstho the Slasher (Djinni Berserker)           Turns: 5269, Time: 00:05:14

Health: 0/59       AC: 11    Str: 18    XL:     8   Next: 46%
Magic:  0/0        EV:  8    Int:  8    God:    Trog [**....]
Gold:   244        SH:  0    Dex: 14    Spells: 1/7 levels left

rFire    + + .     SeeInvis .   a - +1 falchion (vorpal)
rCold    x . .     Faith    .   (no shield)
rNeg     . . .     Spirit   .   g - +1 chain mail
rPois    ∞         Reflect  .   (no helmet)
rElec    .         Harm     .   (no cloak)
rCorr    .         Rampage  .   (no gloves)
Will     .....                  (boots unavailable)
Stlth    ..........             (no amulet)
HPRegen  0.19/turn              (no ring)
MPRegen  0.00/turn              (no ring)

@: berserk cooldown, flying, slowed, very slow
A: fire resistance 2, cold vulnerability 1, float, innate caster, hp casting,
extra vitality 1
a: Renounce Religion, Berserk, Trog's Hand


You were on level 5 of the Dungeon.
You worshipped Trog.
Trog was pleased with you.
You visited 1 branch of the dungeon, and saw 5 of its levels.

You collected 244 gold pieces.

Inventory:

Hand Weapons
 a - a +1 vorpal falchion (weapon)
Armour
 g - a +1 chain mail (worn)
Wands
 d - a wand of polymorph (12)
Scrolls
 n - a scroll of teleportation {unknown}
 p - a scroll of holy word {unknown}
Potions
 c - a potion of mutation
 e - a potion of curing
 f - 2 potions of flight {unknown}
 h - a potion of invisibility {unknown}
 i - 3 potions of heal wounds {unknown}
 l - 3 potions of might {unknown}
 o - a potion of brilliance {unknown}
 q - a potion of attraction {unknown}


   Skills:
 + Level 5.3 Fighting
 + Level 6.8 Long Blades
 + Level 5.7 Armour
 + Level 3.6 Dodging
 + Level 1.1 Stealth
 + Level 0.3 Unarmed Combat


You had one spell level left.
You knew the following spells:

 Your Spells              Type           Power      Damage    Failure   Level
a - Foxfire               Conj/Fire      0%         2x1d4     99%         1
b - Blink                 Tloc           N/A        N/A       100%        2
c - Call Canine Familiar  Summ           0%         N/A       100%        3
Your spell library was empty.


Dungeon Overview and Level Annotations

Branches:
Dungeon (5/15)
 Temple: D:4-7

Altars:
Okawaru
Trog
Uskayaw
Wu Jian


Innate Abilities, Weirdness & Mutations

You are immune to poison.
Your flesh is very heat resistant. (rF++)
You are vulnerable to cold. (rC-)
You float through the air rather than walking.
You learn spells naturally, not from books.
Your magical power is your life essence.
You have superior vitality. (+4 HP)


Message History

The yak gores you but does no damage.
You hit the yak.
The yak is severely wounded.
The yak barely misses you. The yak gores you.
* * * LOW HITPOINT WARNING * * *
Aiming: Polymorph
Press: ? - help, Shift-Dir - straight line, f - yak
Aim: a yak (severely wounded, will become a wyvern, a bullfrog, or a cane toad, chance to affect: 46%)
The yak resists with some effort.
The yak gores you but does no damage.
Unknown command.
Aiming: Polymorph
Press: ? - help, Shift-Dir - straight line, f/p - yak
Aim: a yak (severely wounded, will become a wyvern, a bullfrog, or a cane toad, chance to affect: 46%)
The yak evaporates and reforms as a bullfrog!
The bullfrog hits you.
* * * LOW HITPOINT WARNING * * *
The bullfrog closely misses you.
You closely miss the bullfrog.
The bullfrog is lightly wounded.
The bullfrog hits you but does no damage. x2
You hit the bullfrog.
The bullfrog is moderately wounded.
The bullfrog hits you.
* * * LOW HITPOINT WARNING * * *
The bullfrog hits you but does no damage.
You hit the bullfrog.
The bullfrog is heavily wounded.
The bullfrog hits you.
* * * LOW HITPOINT WARNING * * *
The bullfrog hits you.
* * * LOW HITPOINT WARNING * * *
You hit the bullfrog.
The bullfrog is severely wounded.
The bullfrog hits you but does no damage.
The bullfrog hits you.
* * * LOW HITPOINT WARNING * * *
You barely miss the bullfrog.
The bullfrog is severely wounded.
The bullfrog hits you.
You die...

.###'#....#,,,,,,,,,,*,,,,**'****
>##.......#**##**#...#,,,,*,,,,*
..#.......#,,..###...#,,,,*,,,,*
..#.......#,,,.'.....#,,,,*,,,,*
.##.†.....#,,,,#.....#*'##*,,,,*
####†#....#,,,,*#....#*..#*,,,,*
..(†.#....#,,,,*#....##..#,,,,,*
.....#....#######.....'..#,,,,,*
.....#....#.....@F....#,,*******
.##.##....#....##....##,,*
.##.#.....#....*#....#####
....#.....#######....##..#
....#...........#........#
'####...........#....##..#
......####......#....##..#
......#..#......#........#
......#..#......#....##'###


You could see a bullfrog.

Vanquished Creatures
  3 yaks (D:5)
  Menkaure (D:4)
  An ice beast (D:2)
  2 phantoms
  A centaur zombie (D:5)
  An orc priest (D:5)
  A hound (D:5)
  Ijyb (D:3)
  An orc wizard (D:5)
  Natasha (thrice) (D:3)
  3 worker ants
  A hound zombie (D:5)
  4 adders
  A dart slug (D:2)
  10 orcs
  4 ball pythons
  4 giant cockroaches
  3 goblins
  3 hobgoblins
  10 jackals
  5 kobolds
  5 oozes
  5 quokkas
  A bat (D:1)
  2 frilled lizards
  A quokka skeleton (D:4)
  A rat (D:1)
78 creatures vanquished.

Notes
Turn   | Place    | Note
-------+----------+-------------------------------------------
     0 | D:1      | robertstho the Djinni Berserker began the quest for the
                  | Orb.
     0 | D:1      | Reached XP level 1. HP: 20/20 MP: 0/0
   668 | D:1      | Reached XP level 2. HP: 25/25 MP: 0/0
  1733 | D:2      | Reached XP level 3. HP: 29/30 MP: 0/0
  1733 | D:2      | Learned a level 1 spell: Foxfire
  1737 | D:2      | Found a hide-covered altar of Uskayaw.
  2087 | D:2      | Noticed an ice beast
  2098 | D:2      | Killed an ice beast
  2099 | D:2      | Reached skill level 4 in Long Blades
  2099 | D:2      | Reached XP level 4. HP: 22/37 MP: 0/0
  2099 | D:2      | Reached XP level 5. HP: 25/41 MP: 0/0
  2099 | D:2      | Learned a level 2 spell: Blink
  2400 | D:3      | Noticed Ijyb
  2408 | D:3      | Killed Ijyb
  2562 | D:3      | Noticed Natasha
  2567 | D:3      | Killed Natasha
  2567 | D:3      | Reached ** piety under Trog
  2772 | D:3      | Noticed Natasha
  2777 | D:3      | Killed Natasha
  2778 | D:3      | Reached XP level 6. HP: 29/47 MP: 0/0
  2937 | D:3      | Noticed Natasha
  2947 | D:3      | Killed Natasha
  2948 | D:3      | Reached skill level 5 in Long Blades
  3245 | D:4      | Found a bloodstained altar of Trog.
  3605 | D:4      | Noticed Menkaure
  3613 | D:4      | Killed Menkaure
  3614 | D:4      | Reached skill level 1 in Stealth
  3614 | D:4      | Reached XP level 7. HP: 30/53 MP: 0/0
  3614 | D:4      | Learned a level 3 spell: Call Canine Familiar
  4111 | D:5      | Entered Level 5 of the Dungeon
  4622 | D:5      | Found an ornate altar of the Wu Jian Council.
  4988 | D:5      | Found an iron altar of Okawaru.
  5228 | D:5      | Noticed a yak
  5228 | D:5      | Noticed a yak
  5228 | D:5      | Noticed a yak
  5229 | D:5      | Noticed a yak
  5245 | D:5      | Killed a yak
  5246 | D:5      | Reached skill level 5 in Fighting
  5246 | D:5      | Reached skill level 6 in Long Blades
  5246 | D:5      | Reached skill level 5 in Armour
  5246 | D:5      | Reached XP level 8. HP: 30/59 MP: 0/0
  5251 | D:5      | Killed a yak
  5254 | D:5      | Killed a yak
  5264 | D:5      | a yak changed into a bullfrog
  5268 | D:5      | HP: 2/59 [bullfrog (1)]
  5269 | D:5      | Slain by a bullfrog

Illustrated notes

Levels and vault maps discovered:
D:1:      tarquinn_simple_flora_water_b, layout_basic, roderic_serpentine_path
D:2:      layout_loops_ring, old_standard_altar
D:3:      layout_rooms, st_stairs_5, uniq_ijyb, uniq_natasha
D:4:      layout_loops_ring, bloody_trog, uniq_menkaure
D:5:      layout_gridville, nicolae_wu_jian_wuxing_cycle, okawaru_gym_becter

Skill      XL: |  1  2  3  4  5  6  7 |
---------------+----------------------+-----
Long Blades    | 4 5 6 |  6.8
Fighting       | 4 5 |  5.3
Dodging        | 3 |  3.6
Armour         | 3 5 |  5.7
Stealth        | 1 |  1.1
Unarmed Combat | |  0.3

Action                   |  1- 3 |  4- 6 |  7- 9 || total
-------------------------+-------+-------+-------++-------
Melee: Falchion          |    56 |   120 |   124 ||   300
       Unarmed           |       |     6 |       ||     6
Invok: Berserk           |     2 |     5 |     4 ||    11
       Trog's Hand       |       |     1 |     1 ||     2
Evoke: Wand              |       |       |     2 ||     2
  Use: Scroll            |     2 |       |     4 ||     6
       Potion            |       |     1 |       ||     1
Armor: Animal skin       |     1 |       |       ||     1
       Scale mail        |    14 |       |       ||    14
       Chain mail        |     9 |    59 |    74 ||   142
Dodge: Dodged            |    26 |    52 |    67 ||   145
       Rpst.: Falchion   |     8 |     9 |    19 ||    36

Table legend: (Time is in decaauts)
 A = Elapsed time spent in this place.
 B = Non-inter-level travel time spent in this place.
 C = Inter-level travel time spent in this place.
 D = Time resting spent in this place.
 E = Time spent auto-exploring this place.
 F = Levels seen in this place.
 G = Mean time per level.
                   A        B        C        D        E       F      G
               +--------+--------+--------+--------+--------+-----+--------+
         Total |   5380 |   5105 |    275 |    344 |   4113 |   5 | 1076.0 |
       Dungeon |   5380 |   5105 |    275 |    344 |   4113 |   5 | 1076.0 |
               +--------+--------+--------+--------+--------+-----+--------+

Top non-repeatable levels by time:
     D:1: 1563 daAuts
     D:4: 1422 daAuts
     D:2: 824 daAuts
     D:5: 820 daAuts
     D:3: 749 daAuts
